[ PARTIDA AOE2 · #475299505 ]
UnrankedVietnamitas vs Bohemians
[ ANÁLISIS DE REPETICIÓN · EXTRAÍDO DE LA PARTIDA GRABADA ]
Feudal
14:04
Castillos
17:50
Imperial
28:52
| APM promedio | 36.3 |
| APM pico | 66 |
| eAPM promedio | 20.7 |
| Aldeanos / militares | 100 / 19 |
Foco
⚔️ 31.8% · 🌾 68.2%
Fishing Ship ×18 · Rattan Archer ×15 · Mangonel ×2 · Trebuchet (Packed) ×2
Feudal
13:22
Castillos
18:07
Imperial
—
| APM promedio | 38.7 |
| APM pico | 89 |
| eAPM promedio | 17.0 |
| Aldeanos / militares | 64 / 23 |
Foco
⚔️ 26.8% · 🌾 73.2%
Hand Cannoneer ×18 · Fishing Ship ×6 · Archer ×3 · Mangonel ×2
Feudal
10:48
Castillos
20:54
Imperial
—
| APM promedio | 32.1 |
| APM pico | 65 |
| eAPM promedio | 20.1 |
| Aldeanos / militares | 107 / 7 |
Foco
⚔️ 32.1% · 🌾 67.9%
Fishing Ship ×31 · Fire Galley ×7 · Unknown (2626) ×7
Feudal
13:59
Castillos
20:38
Imperial
—
| APM promedio | 46.3 |
| APM pico | 80 |
| eAPM promedio | 19.9 |
| Aldeanos / militares | 73 / 5 |
Foco
⚔️ 34.1% · 🌾 65.9%
Fishing Ship ×14 · Mangonel ×4 · Unknown (2626) ×3 · Scorpion ×1
Mapa de la partida
Recursos iniciales + cada clic de construcción. Líneas = muros · curvas = relieve. ◆ oro · ⬟ piedra · ● bayas · ✦ reliquia · ◌ hueco del cierre
Tu base· Abierta — hueco de 8t
Base de GDL Paquita Industrial· Abierta — hueco de 13t
Base de billy bad beat· Abierta — hueco de 7t
Base de GDL Musulmeco· Abierta — hueco de 3t
Terreno inicial suavizado · ◌ = hueco del cierre detectado · pasá el cursor para detalles
Inputs por minuto
— mitrokhin - - GDL Paquita Industrial
Build order — mitrokhin
Primeras 150 de 242 acciones detectadas
| 0:02 | Construir | Town Center |
| 1:05 | Construir | Dock |
| 1:07 | Construir | House |
| 2:26 | Crear | Villager (Male) |
| 2:27 | Crear | Villager (Male) |
| 2:27 | Crear | Villager (Male) |
| 2:27 | Crear | Villager (Male) |
| 2:28 | Crear | Villager (Male) |
| 3:26 | Crear | Fishing Ship |
| 4:09 | Crear | Villager (Male) |
| 4:15 | Construir | House |
| 4:20 | Construir | House |
| 4:29 | Construir | Palisade Wall |
| 4:36 | Crear | Villager (Male) |
| 4:36 | Crear | Villager (Male) |
| 5:07 | Crear | Villager (Male) |
| 5:08 | Crear | Villager (Male) |
| 5:31 | Construir | House |
| 5:34 | Crear | Villager (Male) |
| 5:35 | Crear | Villager (Male) |
| 5:47 | Crear | Fishing Ship |
| 6:00 | Crear | Villager (Male) |
| 6:04 | Construir | Palisade Wall |
| 6:22 | Crear | Villager (Male) |
| 6:23 | Crear | Villager (Male) |
| 6:34 | Crear | Fishing Ship |
| 6:52 | Crear | Villager (Male) |
| 6:52 | Crear | Villager (Male) |
| 7:13 | Crear | Villager (Male) |
| 7:16 | Crear | Fishing Ship |
| 7:41 | Crear | Villager (Male) |
| 7:48 | Crear | Villager (Male) |
| 7:50 | Crear | Fishing Ship |
| 8:00 | Construir | House |
| 8:03 | Investigar | Loom |
| 8:31 | Crear | Villager (Male) |
| 8:32 | Crear | Fishing Ship |
| 8:58 | Crear | Villager (Male) |
| 9:00 | Crear | Villager (Male) |
| 9:13 | Construir | House |
| 9:26 | Construir | Dock |
| 9:29 | Crear | Villager (Male) |
| 9:40 | Construir | House |
| 9:49 | Crear | Fishing Ship |
| 10:03 | Crear | Villager (Male) |
| 10:14 | Crear | Villager (Male) |
| 10:22 | Construir | Palisade Wall |
| 10:23 | Construir | Palisade Wall |
| 10:35 | Construir | House |
| 10:39 | Construir | Palisade Wall |
| 10:45 | Crear | Villager (Male) |
| 10:52 | Crear | Fishing Ship |
| 10:52 | Crear | Fishing Ship |
| 11:11 | Construir | Mining Camp |
| 11:13 | Crear | Villager (Male) |
| 11:17 | Construir | Palisade Wall |
| 11:34 | Construir | House |
| 11:35 | Crear | Fishing Ship |
| 11:51 | Investigar | Feudal Age |
| 11:55 | Construir | Mill |
| 12:02 | Construir | Mill |
| 12:10 | Crear | Fishing Ship |
| 12:48 | Crear | Fishing Ship |
| 12:48 | Crear | Fishing Ship |
| 12:53 | Construir | Lumber Camp |
| 13:03 | Crear | Villager (Male) |
| 13:03 | Crear | Villager (Male) |
| 13:39 | Construir | House |
| 14:04 | Edad | Edad Feudal |
| 14:09 | Construir | Market |
| 14:12 | Construir | Blacksmith |
| 14:42 | Construir | Dock |
| 15:10 | Investigar | Castle Age |
| 15:10 | Investigar | Castle Age |
| 15:27 | Crear | Fishing Ship |
| 15:27 | Crear | Fishing Ship |
| 15:27 | Crear | Fishing Ship |
| 15:47 | Investigar | Double-Bit Axe |
| 15:47 | Investigar | Double-Bit Axe |
| 16:15 | Crear | Fishing Ship |
| 16:15 | Crear | Fishing Ship |
| 16:21 | Investigar | Gold Mining |
| 16:35 | Construir | House |
| 16:36 | Construir | House |
| 16:37 | Investigar | Tech 906 |
| 17:13 | Construir | Dock |
| 17:25 | Crear | Villager (Male) |
| 17:49 | Investigar | Wheelbarrow |
| 17:50 | Edad | Edad de los Castillos |
| 17:53 | Construir | Town Center |
| 17:56 | Investigar | Bow Saw |
| 18:04 | Construir | Town Center |
| 18:09 | Investigar | Gillnets |
| 18:31 | Construir | Siege Workshop |
| 18:33 | Crear | Villager (Male) |
| 18:34 | Crear | Villager (Male) |
| 18:46 | Investigar | Hand Cart |
| 19:15 | Crear | Villager (Male) |
| 19:15 | Crear | Villager (Male) |
| 19:17 | Crear | Mangonel |
| 19:23 | Construir | Outpost |
| 19:32 | Construir | Outpost |
| 19:34 | Crear | Villager (Male) |
| 19:40 | Construir | Stone Wall |
| 19:42 | Construir | Stone Wall |
| 19:49 | Crear | Villager (Male) |
| 19:54 | Crear | Villager (Male) |
| 19:58 | Investigar | Stone Mining |
| 20:08 | Crear | Villager (Male) |
| 20:15 | Crear | Villager (Male) |
| 20:15 | Crear | Villager (Male) |
| 20:15 | Crear | Villager (Male) |
| 20:18 | Investigar | Horse Collar |
| 20:18 | Investigar | Horse Collar |
| 20:20 | Construir | Farm |
| 20:21 | Construir | Farm |
| 20:22 | Construir | Farm |
| 20:26 | Crear | Mangonel |
| 20:28 | Crear | Villager (Male) |
| 20:30 | Construir | Farm |
| 20:33 | Construir | Farm |
| 20:33 | Crear | Villager (Male) |
| 20:34 | Crear | Villager (Male) |
| 20:34 | Crear | Villager (Male) |
| 20:53 | Crear | Villager (Male) |
| 20:54 | Crear | Villager (Male) |
| 20:57 | Construir | Farm |
| 20:59 | Crear | Villager (Male) |
| 21:05 | Crear | Villager (Male) |
| 21:05 | Crear | Villager (Male) |
| 21:07 | Construir | Mining Camp |
| 21:10 | Crear | Villager (Male) |
| 21:10 | Crear | Villager (Male) |
| 21:15 | Construir | Lumber Camp |
| 21:20 | Crear | Villager (Male) |
| 21:21 | Crear | Villager (Male) |
| 21:21 | Crear | Villager (Male) |
| 21:21 | Crear | Villager (Male) |
| 21:38 | Crear | Villager (Male) |
| 21:45 | Construir | Dock |
| 21:59 | Construir | House |
| 22:00 | Construir | House |
| 22:03 | Investigar | Town Watch |
| 22:08 | Crear | Villager (Male) |
| 22:25 | Construir | Town Center |
| 22:31 | Construir | House |
| 22:32 | Crear | Villager (Male) |
| 22:36 | Crear | Villager (Male) |
| 22:56 | Crear | Villager (Male) |
| 22:57 | Crear | Villager (Male) |
Build order — GDL Paquita Industrial
Primeras 150 de 162 acciones detectadas
| 0:04 | Construir | Town Center |
| 0:26 | Construir | Dock |
| 2:19 | Crear | Villager (Male) |
| 2:19 | Crear | Villager (Male) |
| 2:20 | Crear | Villager (Male) |
| 2:20 | Crear | Villager (Male) |
| 3:08 | Investigar | Loom |
| 3:08 | Crear | Villager (Male) |
| 3:12 | Construir | House |
| 3:14 | Crear | Villager (Male) |
| 3:14 | Crear | Villager (Male) |
| 3:43 | Construir | House |
| 3:45 | Crear | Fishing Ship |
| 4:43 | Crear | Fishing Ship |
| 5:05 | Crear | Villager (Male) |
| 5:17 | Construir | House |
| 5:32 | Crear | Fishing Ship |
| 5:50 | Crear | Villager (Male) |
| 6:16 | Construir | House |
| 6:23 | Construir | House |
| 6:38 | Construir | House |
| 6:44 | Crear | Villager (Male) |
| 6:44 | Crear | Villager (Male) |
| 6:54 | Crear | Fishing Ship |
| 6:58 | Crear | Villager (Male) |
| 6:58 | Crear | Villager (Male) |
| 7:01 | Crear | Villager (Male) |
| 7:24 | Construir | House |
| 7:34 | Crear | Villager (Male) |
| 7:36 | Construir | House |
| 7:45 | Crear | Villager (Male) |
| 7:45 | Crear | Villager (Male) |
| 7:48 | Construir | House |
| 8:05 | Crear | Villager (Male) |
| 8:18 | Crear | Villager (Male) |
| 8:20 | Construir | House |
| 8:33 | Crear | Fishing Ship |
| 9:26 | Construir | House |
| 9:35 | Construir | House |
| 9:54 | Crear | Villager (Male) |
| 10:11 | Crear | Fishing Ship |
| 10:18 | Crear | Villager (Male) |
| 10:23 | Construir | Mining Camp |
| 10:56 | Construir | House |
| 11:03 | Construir | House |
| 11:12 | Investigar | Feudal Age |
| 12:29 | Crear | Villager (Male) |
| 12:40 | Crear | Villager (Male) |
| 13:16 | Crear | Villager (Male) |
| 13:22 | Edad | Edad Feudal |
| 13:25 | Construir | Mill |
| 13:29 | Construir | Barracks |
| 13:49 | Crear | Villager (Male) |
| 13:52 | Construir | House |
| 14:14 | Crear | Villager (Male) |
| 14:17 | Construir | Market |
| 14:18 | Construir | Blacksmith |
| 14:52 | Construir | Archery Range |
| 14:56 | Crear | Villager (Male) |
| 15:16 | Investigar | Castle Age |
| 15:31 | Construir | Lumber Camp |
| 16:18 | Construir | Archery Range |
| 16:33 | Investigar | Padded Archer Armor |
| 16:37 | Crear | Villager (Male) |
| 16:41 | Investigar | Double-Bit Axe |
| 17:41 | Investigar | Horse Collar |
| 18:07 | Edad | Edad de los Castillos |
| 18:11 | Construir | University |
| 18:19 | Crear | Villager (Male) |
| 18:23 | Construir | Farm |
| 18:24 | Construir | Farm |
| 18:26 | Construir | Farm |
| 18:27 | Construir | Farm |
| 18:36 | Construir | Farm |
| 18:46 | Crear | Villager (Male) |
| 19:03 | Crear | Villager (Male) |
| 19:26 | Construir | House |
| 19:28 | Construir | House |
| 19:31 | Investigar | Chemistry |
| 19:37 | Construir | Farm |
| 19:37 | Construir | Farm |
| 19:46 | Construir | Farm |
| 19:55 | Crear | Villager (Male) |
| 20:01 | Construir | Farm |
| 20:12 | Construir | Town Center |
| 20:48 | Construir | Farm |
| 20:51 | Construir | Farm |
| 20:57 | Crear | Villager (Male) |
| 21:11 | Crear | Hand Cannoneer |
| 21:12 | Crear | Hand Cannoneer |
| 21:12 | Crear | Hand Cannoneer |
| 21:12 | Crear | Hand Cannoneer |
| 21:14 | Crear | Villager (Male) |
| 21:22 | Construir | Farm |
| 21:25 | Construir | Farm |
| 21:39 | Crear | Villager (Male) |
| 21:48 | Construir | Farm |
| 21:53 | Crear | Hand Cannoneer |
| 21:53 | Crear | Hand Cannoneer |
| 21:54 | Crear | Hand Cannoneer |
| 22:05 | Construir | House |
| 22:10 | Construir | House |
| 22:12 | Crear | Villager (Male) |
| 22:13 | Crear | Villager (Male) |
| 22:17 | Construir | Farm |
| 22:26 | Construir | Farm |
| 22:30 | Crear | Hand Cannoneer |
| 22:30 | Crear | Hand Cannoneer |
| 22:30 | Crear | Hand Cannoneer |
| 22:37 | Construir | Farm |
| 22:43 | Crear | Hand Cannoneer |
| 22:58 | Crear | Villager (Male) |
| 23:19 | Crear | Hand Cannoneer |
| 23:19 | Crear | Hand Cannoneer |
| 23:28 | Construir | Archery Range |
| 23:40 | Crear | Hand Cannoneer |
| 23:40 | Crear | Hand Cannoneer |
| 23:41 | Crear | Villager (Male) |
| 23:43 | Investigar | Town Watch |
| 23:49 | Construir | House |
| 23:50 | Construir | House |
| 23:54 | Crear | Hand Cannoneer |
| 23:55 | Crear | Hand Cannoneer |
| 24:04 | Crear | Villager (Male) |
| 24:23 | Crear | Villager (Male) |
| 24:24 | Crear | Villager (Male) |
| 24:28 | Construir | Siege Workshop |
| 24:35 | Crear | Villager (Male) |
| 24:35 | Crear | Villager (Male) |
| 24:49 | Crear | Villager (Male) |
| 24:49 | Crear | Villager (Male) |
| 24:55 | Crear | Hand Cannoneer |
| 25:07 | Construir | House |
| 25:08 | Crear | Villager (Male) |
| 25:08 | Crear | Villager (Male) |
| 25:43 | Construir | Siege Workshop |
| 25:50 | Construir | Town Center |
| 25:54 | Crear | Villager (Male) |
| 25:54 | Crear | Villager (Male) |
| 26:19 | Crear | Villager (Male) |
| 26:30 | Crear | Archer |
| 26:30 | Crear | Archer |
| 26:30 | Crear | Archer |
| 26:34 | Crear | Villager (Male) |
| 26:34 | Crear | Villager (Male) |
| 26:35 | Crear | Villager (Male) |
| 26:38 | Construir | Mining Camp |
| 26:39 | Crear | Villager (Male) |
| 26:44 | Construir | Farm |
| 26:53 | Crear | Villager (Male) |
Build order — billy bad beat
Primeras 150 de 203 acciones detectadas
| 0:05 | Construir | Town Center |
| 0:20 | Construir | Dock |
| 0:24 | Construir | House |
| 2:21 | Crear | Villager (Male) |
| 2:21 | Crear | Villager (Male) |
| 2:22 | Crear | Villager (Male) |
| 2:22 | Crear | Villager (Male) |
| 2:22 | Crear | Villager (Male) |
| 3:25 | Crear | Fishing Ship |
| 3:27 | Crear | Villager (Male) |
| 4:01 | Construir | House |
| 4:30 | Crear | Villager (Male) |
| 4:56 | Crear | Villager (Male) |
| 4:57 | Crear | Fishing Ship |
| 5:21 | Crear | Villager (Male) |
| 5:39 | Construir | House |
| 5:46 | Crear | Villager (Male) |
| 5:59 | Crear | Villager (Male) |
| 6:08 | Crear | Fishing Ship |
| 6:08 | Crear | Fishing Ship |
| 6:38 | Crear | Villager (Male) |
| 6:38 | Crear | Villager (Male) |
| 6:52 | Crear | Fishing Ship |
| 7:04 | Construir | House |
| 7:25 | Crear | Villager (Male) |
| 7:49 | Investigar | Loom |
| 7:58 | Construir | House |
| 8:07 | Crear | Fishing Ship |
| 8:19 | Crear | Villager (Male) |
| 9:03 | Crear | Villager (Male) |
| 9:08 | Construir | Lumber Camp |
| 9:30 | Investigar | Feudal Age |
| 9:30 | Investigar | Feudal Age |
| 10:08 | Construir | Mining Camp |
| 10:24 | Crear | Villager (Male) |
| 10:48 | Edad | Edad Feudal |
| 10:51 | Crear | Unit 2626 |
| 10:57 | Investigar | Double-Bit Axe |
| 10:59 | Crear | Villager (Male) |
| 11:09 | Construir | Dock |
| 11:16 | Construir | House |
| 11:23 | Crear | Villager (Male) |
| 11:34 | Crear | Fire Galley |
| 11:36 | Crear | Villager (Male) |
| 12:18 | Crear | Fire Galley |
| 12:18 | Crear | Fire Galley |
| 12:26 | Construir | Dock |
| 12:36 | Crear | Villager (Male) |
| 12:36 | Crear | Villager (Male) |
| 12:37 | Crear | Villager (Male) |
| 12:37 | Crear | Villager (Male) |
| 12:48 | Construir | House |
| 13:01 | Crear | Fire Galley |
| 13:06 | Crear | Fire Galley |
| 13:21 | Crear | Villager (Male) |
| 13:22 | Crear | Villager (Male) |
| 13:22 | Crear | Villager (Male) |
| 13:27 | Construir | House |
| 13:42 | Crear | Fire Galley |
| 13:45 | Crear | Villager (Male) |
| 13:52 | Crear | Villager (Male) |
| 14:03 | Construir | House |
| 14:05 | Construir | House |
| 14:11 | Crear | Villager (Male) |
| 14:36 | Crear | Fire Galley |
| 14:36 | Crear | Unit 2626 |
| 14:37 | Crear | Unit 2626 |
| 14:37 | Crear | Unit 2626 |
| 15:04 | Crear | Villager (Male) |
| 15:04 | Crear | Villager (Male) |
| 15:16 | Crear | Villager (Male) |
| 15:18 | Crear | Fishing Ship |
| 15:18 | Crear | Fishing Ship |
| 15:19 | Crear | Fishing Ship |
| 15:32 | Crear | Fishing Ship |
| 15:35 | Crear | Fishing Ship |
| 16:11 | Crear | Villager (Male) |
| 16:14 | Construir | Mill |
| 16:19 | Construir | Mill |
| 16:25 | Construir | House |
| 16:30 | Investigar | Town Watch |
| 16:30 | Crear | Villager (Male) |
| 16:32 | Crear | Villager (Male) |
| 16:36 | Construir | Mining Camp |
| 16:49 | Crear | Villager (Male) |
| 17:46 | Crear | Villager (Male) |
| 17:49 | Construir | Blacksmith |
| 17:57 | Construir | Market |
| 18:09 | Construir | Lumber Camp |
| 18:13 | Crear | Villager (Male) |
| 18:29 | Construir | House |
| 18:46 | Construir | House |
| 18:49 | Construir | Gate |
| 18:53 | Construir | House |
| 19:10 | Construir | Stone Wall |
| 19:12 | Investigar | Castle Age |
| 19:18 | Crear | Fishing Ship ×3 |
| 19:29 | Construir | House |
| 19:36 | Crear | Fishing Ship |
| 20:16 | Construir | Dock |
| 20:22 | Crear | Villager (Male) |
| 20:33 | Crear | Villager (Male) |
| 20:44 | Construir | Dock |
| 20:51 | Crear | Villager (Male) |
| 20:54 | Edad | Edad de los Castillos |
| 21:13 | Crear | Villager (Male) |
| 21:18 | Construir | Town Center |
| 21:22 | Crear | Villager (Male) |
| 21:25 | Construir | Lumber Camp |
| 21:40 | Crear | Fishing Ship |
| 21:44 | Crear | Villager (Male) |
| 21:48 | Investigar | Bow Saw |
| 22:00 | Crear | Villager (Male) |
| 22:11 | Crear | Unit 2626 ×2 |
| 22:23 | Crear | Unit 2626 |
| 22:26 | Crear | Villager (Male) |
| 22:27 | Crear | Villager (Male) |
| 22:29 | Crear | Villager (Male) |
| 22:30 | Crear | Villager (Male) |
| 22:59 | Crear | Villager (Male) |
| 23:03 | Crear | Fishing Ship |
| 23:05 | Crear | Villager (Male) |
| 23:09 | Construir | Town Center |
| 23:49 | Crear | Villager (Male) |
| 23:50 | Crear | Villager (Male) |
| 23:51 | Crear | Villager (Male) |
| 23:53 | Crear | Villager (Male) |
| 23:54 | Crear | Villager (Male) |
| 24:04 | Crear | Villager (Male) |
| 24:10 | Construir | House |
| 24:11 | Construir | House |
| 24:16 | Crear | Villager (Male) |
| 24:29 | Construir | Castle |
| 24:37 | Investigar | Fletching |
| 24:42 | Crear | Villager (Male) |
| 24:43 | Crear | Villager (Male) |
| 24:46 | Crear | Villager (Male) ×5 |
| 24:50 | Crear | Fishing Ship ×5 |
| 24:54 | Construir | House |
| 25:00 | Crear | Villager (Male) |
| 25:01 | Crear | Villager (Male) |
| 25:02 | Crear | Villager (Male) |
| 25:03 | Crear | Villager (Male) |
| 25:06 | Crear | Fishing Ship |
| 25:09 | Crear | Fishing Ship |
| 25:10 | Crear | Fishing Ship |
| 25:11 | Crear | Fishing Ship |
| 25:11 | Crear | Fishing Ship |
| 25:14 | Crear | Fishing Ship |
| 25:14 | Crear | Fishing Ship |
Build order — GDL Musulmeco
Primeras 150 de 177 acciones detectadas
| 0:06 | Construir | Town Center |
| 1:06 | Construir | Dock |
| 1:41 | Construir | House |
| 2:13 | Construir | Palisade Wall |
| 2:14 | Construir | Palisade Wall |
| 2:24 | Crear | Villager (Male) |
| 2:25 | Crear | Villager (Male) |
| 2:25 | Crear | Villager (Male) |
| 2:25 | Crear | Villager (Male) |
| 2:25 | Crear | Villager (Male) |
| 2:26 | Crear | Villager (Male) |
| 3:47 | Crear | Villager (Male) |
| 3:47 | Crear | Villager (Male) |
| 4:17 | Crear | Villager (Male) |
| 4:18 | Crear | Villager (Male) |
| 4:18 | Crear | Villager (Male) |
| 4:22 | Construir | House |
| 4:56 | Crear | Villager (Male) |
| 4:56 | Crear | Villager (Male) |
| 5:05 | Crear | Fishing Ship |
| 5:06 | Crear | Fishing Ship |
| 5:06 | Crear | Fishing Ship |
| 5:39 | Crear | Villager (Male) |
| 5:39 | Crear | Villager (Male) |
| 5:39 | Crear | Villager (Male) |
| 5:39 | Crear | Villager (Male) |
| 6:04 | Crear | Villager (Male) |
| 6:04 | Crear | Villager (Male) |
| 6:15 | Crear | Fishing Ship |
| 6:15 | Crear | Fishing Ship |
| 6:15 | Crear | Fishing Ship |
| 6:15 | Crear | Fishing Ship |
| 6:37 | Construir | Palisade Wall |
| 6:43 | Crear | Villager (Male) |
| 6:43 | Crear | Villager (Male) |
| 6:44 | Crear | Villager (Male) |
| 6:48 | Construir | House |
| 6:54 | Crear | Villager (Male) |
| 6:54 | Crear | Villager (Male) |
| 6:55 | Crear | Villager (Male) |
| 7:05 | Construir | Palisade Wall |
| 7:24 | Crear | Villager (Male) |
| 7:24 | Crear | Villager (Male) |
| 7:34 | Construir | Palisade Wall |
| 7:34 | Construir | Palisade Wall |
| 7:35 | Construir | Palisade Wall |
| 7:35 | Construir | Palisade Wall |
| 7:36 | Construir | Palisade Wall |
| 7:36 | Construir | Palisade Wall |
| 7:36 | Construir | Palisade Wall |
| 7:37 | Construir | Palisade Wall |
| 7:37 | Construir | Palisade Wall |
| 7:38 | Construir | Palisade Wall |
| 7:39 | Crear | Villager (Male) |
| 8:01 | Crear | Fishing Ship |
| 8:01 | Crear | Fishing Ship |
| 8:07 | Crear | Villager (Male) |
| 8:07 | Crear | Villager (Male) |
| 8:08 | Crear | Villager (Male) |
| 8:23 | Crear | Villager (Male) |
| 8:26 | Crear | Fishing Ship |
| 8:27 | Crear | Fishing Ship |
| 8:27 | Crear | Fishing Ship |
| 8:27 | Crear | Fishing Ship |
| 8:28 | Crear | Villager (Male) |
| 8:28 | Crear | Villager (Male) |
| 8:28 | Crear | Villager (Male) |
| 8:41 | Construir | House |
| 8:55 | Construir | Palisade Wall |
| 8:58 | Construir | House |
| 9:05 | Investigar | Loom |
| 9:25 | Construir | Mill |
| 9:42 | Crear | Villager (Male) |
| 9:54 | Construir | Outpost |
| 10:01 | Crear | Fishing Ship |
| 10:07 | Construir | House |
| 10:09 | Crear | Villager (Male) |
| 10:09 | Crear | Villager (Male) |
| 10:30 | Construir | Palisade Wall |
| 10:32 | Construir | Palisade Wall |
| 10:34 | Construir | Palisade Wall |
| 10:49 | Crear | Villager (Male) |
| 10:53 | Construir | House |
| 11:05 | Crear | Villager (Male) |
| 11:16 | Construir | Outpost |
| 11:19 | Construir | Outpost |
| 11:45 | Construir | Dock |
| 11:48 | Investigar | Feudal Age |
| 13:04 | Construir | House |
| 13:16 | Construir | Palisade Wall |
| 13:25 | Crear | Villager (Male) |
| 13:34 | Construir | Farm |
| 13:37 | Construir | Farm |
| 13:55 | Crear | Villager (Male) |
| 13:59 | Edad | Edad Feudal |
| 14:09 | Crear | Unit 2626 |
| 14:13 | Crear | Unit 2626 |
| 14:18 | Crear | Villager (Male) |
| 14:27 | Construir | Blacksmith |
| 14:33 | Construir | Market |
| 14:45 | Crear | Villager (Male) |
| 14:49 | Construir | Mule Cart |
| 14:51 | Construir | Farm |
| 14:53 | Construir | Farm |
| 15:12 | Construir | Palisade Wall |
| 15:18 | Crear | Villager (Male) |
| 15:28 | Construir | Market |
| 15:37 | Construir | Palisade Wall |
| 15:38 | Construir | Palisade Wall |
| 15:40 | Construir | Palisade Wall |
| 15:50 | Construir | Outpost |
| 15:51 | Construir | Outpost |
| 16:02 | Crear | Villager (Male) |
| 16:14 | Construir | Farm |
| 16:27 | Crear | Villager (Male) |
| 16:52 | Crear | Villager (Male) |
| 17:06 | Construir | Mill |
| 17:13 | Crear | Villager (Male) |
| 17:59 | Investigar | Castle Age |
| 18:48 | Construir | Mule Cart |
| 19:30 | Construir | Dock |
| 19:58 | Investigar | Double-Bit Axe |
| 20:10 | Construir | Barracks |
| 20:35 | Crear | Villager (Male) |
| 20:38 | Edad | Edad de los Castillos |
| 20:49 | Construir | Siege Workshop |
| 20:59 | Crear | Villager (Male) |
| 21:14 | Crear | Unit 2626 |
| 21:36 | Crear | Mangonel |
| 21:36 | Crear | Scorpion |
| 21:36 | Crear | Mangonel |
| 21:45 | Crear | Villager (Male) |
| 21:50 | Construir | House |
| 22:02 | Construir | House |
| 22:13 | Crear | Villager (Male) |
| 22:21 | Construir | Stone Wall |
| 22:35 | Crear | Villager (Male) |
| 23:01 | Crear | Villager (Male) |
| 23:14 | Construir | Castle |
| 23:27 | Construir | Castle |
| 23:38 | Crear | Villager (Male) |
| 23:42 | Investigar | Gold Mining |
| 24:04 | Crear | Mangonel |
| 24:04 | Crear | Mangonel |
| 24:08 | Crear | Villager (Male) |
| 24:18 | Crear | Villager (Male) |
| 24:21 | Construir | Farm |
| 24:35 | Crear | Villager (Male) |
| 24:47 | Construir | Farm |
| 25:05 | Construir | Farm |
Cronología de la partida
| 0:20 | billy bad beat · first_building Dock |
| 0:26 | GDL Paquita Industrial · first_building Dock |
| 1:05 | mitrokhin · first_building Dock |
| 1:06 | GDL Musulmeco · first_building Dock |
| 2:13 | GDL Musulmeco · wall_segment Palisade Wall x1 |
| 2:14 | GDL Musulmeco · wall_segment Palisade Wall x1 |
| 4:29 | mitrokhin · wall_segment Palisade Wall x5 |
| 6:04 | mitrokhin · wall_segment Palisade Wall x6 |
| 6:37 | GDL Musulmeco · wall_segment Palisade Wall x6 |
| 7:05 | GDL Musulmeco · wall_segment Palisade Wall x6 |
| 7:34 | GDL Musulmeco · wall_segment Palisade Wall x1 |
| 7:34 | GDL Musulmeco · wall_segment Palisade Wall x1 |
| 7:35 | GDL Musulmeco · wall_segment Palisade Wall x1 |
| 7:35 | GDL Musulmeco · wall_segment Palisade Wall x1 |
| 7:36 | GDL Musulmeco · wall_segment Palisade Wall x1 |
| 7:36 | GDL Musulmeco · wall_segment Palisade Wall x1 |
| 7:36 | GDL Musulmeco · wall_segment Palisade Wall x1 |
| 7:37 | GDL Musulmeco · wall_segment Palisade Wall x1 |
| 7:37 | GDL Musulmeco · wall_segment Palisade Wall x1 |
| 7:38 | GDL Musulmeco · wall_segment Palisade Wall x1 |
| 8:55 | GDL Musulmeco · wall_segment Palisade Wall x1 |
| 10:22 | mitrokhin · wall_segment Palisade Wall x9 |
| 10:23 | mitrokhin · wall_segment Palisade Wall x4 |
| 10:30 | GDL Musulmeco · wall_segment Palisade Wall x1 |
| 10:32 | GDL Musulmeco · wall_segment Palisade Wall x1 |
| 10:34 | GDL Musulmeco · wall_segment Palisade Wall x1 |
| 10:39 | mitrokhin · wall_segment Palisade Wall x1 |
| 10:48 | billy bad beat · age_up feudal |
| 11:17 | mitrokhin · wall_segment Palisade Wall x15 |
| 13:16 | GDL Musulmeco · wall_segment Palisade Wall x10 |
| 13:22 | GDL Paquita Industrial · age_up feudal |
| 13:29 | GDL Paquita Industrial · first_building Barracks |
| 13:59 | GDL Musulmeco · age_up feudal |
| 14:04 | mitrokhin · age_up feudal |
| 14:52 | GDL Paquita Industrial · first_building Archery Range |
| 15:12 | GDL Musulmeco · wall_segment Palisade Wall x8 |
| 15:37 | GDL Musulmeco · wall_segment Palisade Wall x1 |
| 15:38 | GDL Musulmeco · wall_segment Palisade Wall x1 |
| 15:40 | GDL Musulmeco · wall_segment Palisade Wall x4 |
| 16:54 | GDL Musulmeco · first_market_buy 100 food |
| 17:37 | GDL Musulmeco · first_market_sell 100 stone |
| 17:50 | mitrokhin · age_up castle |
| 18:07 | GDL Paquita Industrial · age_up castle |
| 18:08 | mitrokhin · first_market_buy 100 wood |
| 18:31 | mitrokhin · first_building Siege Workshop |
| 19:10 | billy bad beat · wall_segment Stone Wall x1 |
| 19:40 | mitrokhin · wall_segment Stone Wall x12 |
| 19:42 | mitrokhin · wall_segment Stone Wall x17 |
| 20:10 | GDL Musulmeco · first_building Barracks |
| 20:38 | GDL Musulmeco · age_up castle |
| 20:49 | GDL Musulmeco · first_building Siege Workshop |
| 20:54 | billy bad beat · age_up castle |
| 21:01 | billy bad beat · first_market_buy 100 wood |
| 21:43 | GDL Paquita Industrial · first_market_buy 100 food |
| 22:21 | GDL Musulmeco · wall_segment Stone Wall x1 |
| 23:14 | GDL Musulmeco · first_building Castle |
| 23:27 | mitrokhin · wall_segment Stone Wall x13 |
| 23:58 | mitrokhin · first_building Castle |
| 24:28 | GDL Paquita Industrial · first_building Siege Workshop |
| 24:29 | billy bad beat · first_building Castle |
| 25:38 | mitrokhin · first_market_sell 100 wood |
| 26:27 | billy bad beat · first_building Barracks |
| 27:16 | GDL Musulmeco · first_building Monastery |
| 28:34 | billy bad beat · first_building Monastery |
| 28:52 | mitrokhin · age_up imperial |
| 29:19 | GDL Musulmeco · resign |
[ ANÁLISIS IA · 1 CRÉDITO ]
¿Qué pasó realmente en esta partida?
Wolo.gg analiza cada decisión: build order, eco, micro, errores típicos por bracket. Análisis personalizado por WhatsApp o Discord en 30 segundos.
Guía civ
Vietnamitas
Perfil
Jugador #5333450